 Dungeon Crawl Stone Soup version 0.19.1-1-g22dce08 (webtiles) character file.

20 spooks32 the Sneak (level 2, -1/25 HPs)
             Began as a Naga Wizard on Jan 7, 2017.
             Slain by a crimson imp (3 damage)
             ... summoned by the player character
             ... on level 2 of the Dungeon.
             The game lasted 00:07:43 (1319 turns).

spooks32 the Sneak (Naga Wizard)                    Turns: 1319, Time: 00:07:44

Health: -1/25      AC:  2    Str:  9    XL:     2   Next: 79%
Magic:  5/6        EV: 10    Int: 18    God:
Gold:   19         SH:  0    Dex:  9    Spells: 4 memorised, 0 levels left

rFire  . . .     SeeInvis +     e - +2 mace (holy)
rCold  . . .     Gourm    .     a - +0 robe
rNeg   . . .     Faith    .     (no shield)
rPois  +         Spirit   .     b - +1 hat
rElec  .         Reflect  .     (no cloak)
rCorr  .         Harm     .     (no gloves)
MR     .....                    (no barding)
Stlth  ++........               (no amulet)
                                (no ring)
                                (no ring)

@: repel missiles, very slow
A: see invisible, deformed body, poison resistance, slowness 2, slow metabolism
1, spit poison 1, AC +0
a: Spit Poison


You were on level 2 of the Dungeon.
You were not hungry.

You visited 1 branch of the dungeon, and saw 2 of its levels.

You collected 19 gold pieces.

Inventory:

Hand Weapons
 e - a +2 mace of holy wrath (weapon)
 g - a +0 dagger
 i - a +0 spear
Armour
 a - a +0 robe (worn)
 b - a +1 hat (worn)
Jewellery
 k - a +5 ring of strength {unknown}
Books
 c - a book of Minor Magic

   Spells                             Type                      Level
   a - Magic Dart                     Conjuration                  1
   b - Blink                          Translocation                2
   c - Call Imp                       Summoning                    2
   d - Repel Missiles                 Charms/Air                   2
   e - Slow                           Hexes                        2
   f - Conjure Flame                  Conjuration/Fire             3
   g - Mephitic Cloud                 Conjuration/Poison/Air       3
Comestibles
 d - 3 bread rations
 f - a meat ration
 h - a beef jerky


   Skills:
 + Level 1.1 Fighting
 - Level 1.5 Dodging
 - Level 3.1 Stealth
 - Level 3.0 Spellcasting
 + Level 2.1 Conjurations
 - Level 1.0 Summonings
 - Level 1.0 Translocations


You couldn't memorise any spells.
You knew the following spells:

 Your Spells              Type           Power        Failure   Level  Hunger
a - Magic Dart            Conj           ##..         10%         1    None
b - Repel Missiles        Chrm/Air       #.....       28%         2    ##.....
c - Call Imp              Summ           #.......     17%         2    ##.....
d - Blink                 Tloc           N/A          17%         2    ##.....


Dungeon Overview and Level Annotations

Branches:
Dungeon (2/15)

Altars:
Nemelex Xobeh


Innate Abilities, Weirdness & Mutations

You cannot wear boots.
Your serpentine skin is tough. (AC +0)
You have supernaturally acute eyesight. (SInv)
Armour fits poorly on your strangely shaped body.
Your system is resistant to poisons. (rPois)
You cover ground very slowly.
You have a slow metabolism.
You can spit poison.


Message History

The jackal is almost dead.
The jackal bites you. x2
You hit the crimson imp.
The crimson imp convulses.
The crimson imp is severely wounded.
The jackal bites you.
* * * LOW HITPOINT WARNING * * *
The crimson imp hits you.
* * * LOW HITPOINT WARNING * * *
The jackal closely misses you.
You closely miss the crimson imp.
The crimson imp is severely wounded.
The crimson imp barely misses you. The jackal misses you.
The crimson imp hits you.
* * * LOW HITPOINT WARNING * * *
You miss the crimson imp.
The crimson imp is heavily wounded.
The jackal bites you.
* * * LOW HITPOINT WARNING * * *
The jackal closely misses you. The crimson imp hits you.
You die...

################
###
#..<..5@hhh.....
..#
#.##############
#.# #.# #.# #.#
####.# ####.#
######.##.####
##....#
#.....#......#
##⌠.⌠..#
#.####.##..#.#
#.._...## ##.#
#####.#..
#.⌠.⌠##.## #..#
#.###


You could see a crimson imp and 3 jackals.

Vanquished Creatures
  A leopard gecko (D:1)
  4 bats (D:1)
  A giant cockroach (D:1)
  2 goblins
  A hobgoblin (D:1)
  2 frilled lizards (D:1)
  4 kobolds (D:1)
  6 rats
21 creatures vanquished.

Notes
Turn   | Place    | Note
-------+----------+-------------------------------------------
     0 | D:1      | spooks32 the Naga Wizard began the quest for the Orb.
     0 | D:1      | Reached XP level 1. HP: 15/15 MP: 4/4
   393 | D:1      | Reached XP level 2. HP: 3/24 MP: 0/6
   718 | D:1      | Learned a level 2 spell: Repel Missiles
   721 | D:1      | Learned a level 2 spell: Call Imp
   724 | D:1      | Learned a level 2 spell: Blink
  1168 | D:1      | Reached skill level 1 in Fighting
  1269 | D:2      | Found a sparkling altar of Nemelex Xobeh.
  1319 | D:2      | Slain by a crimson imp

Skill      XL: |  1  2 |
---------------+-------+-----
Conjurations   | 2 |  2.1
Fighting       | 1 |  1.1
Dodging        | |  1.5
Stealth        | |  3.1
Spellcasting   | |  3.0
Summonings     | |  1.0
Translocations | |  1.0

Action                   || total
-------------------------++-------
Melee: Unarmed           ||     6
       Spear             ||    11
       Mace              ||     7
 Cast: Magic Dart        ||    37
       Call Imp          ||     1
       Repel Missiles    ||     1
 Abil: Spit Poison       ||     1
  Use: Scroll            ||     5
Armor: Robe              ||    21
Dodge: Dodged            ||    54
